 Dungeon Crawl Stone Soup version 0.28-a0-750-g7c675f85b1 (webtiles) character file.

Game seed: 7111231497239520806

22 KoroneIsBestGirl the Chiller (level 2, -1/19 HPs)
             Began as a Barachi Ice Elementalist on Oct 29, 2021.
             Frozen to death by an endoplasm (3 damage)
             ... on level 2 of the Dungeon.
             The game lasted 00:01:35 (1712 turns).

KoroneIsBestGirl the Chiller (BaIE)                 Turns: 1712, Time: 00:01:35

Health: -1/19      AC:  2    Str:  9    XL:     2   Next: 91%
Magic:  5/5        EV: 12    Int: 15    God:
Gold:   82         SH:  0    Dex: 12    Spells: 5/6 levels left

rFire   . . .      SeeInvis .   f - +0 spear
rCold   . . .      Faith    .   (no shield)
rNeg    . . .      Spirit   .   a - +0 robe
rPois   .          Reflect  .   (no helmet)
rElec   .          Harm     +   c - scarf {harm}
rCorr   .          Rampage  .   (no gloves)
Will    .....                   (no boots)
Stlth   ++........              (no amulet)
HPRegen 0.06/turn               (no ring)
MPRegen 0.09/turn               (no ring)

@: slow
A: amphibious, slowness 1, strong legs 1, +LOS
a: Hop


You were on level 2 of the Dungeon.
You visited 1 branch of the dungeon, and saw 2 of its levels.

You collected 82 gold pieces.

Inventory:

Hand Weapons
 d - a +0 dagger
 f - a +0 spear (weapon)
Missiles
 g - a throwing net
Armour
 a - a +0 robe (worn)
 c - a scarf of harm (worn)
Scrolls
 b - a scroll of amnesia {unknown}
 e - a scroll of teleportation {unknown}
 i - a scroll of vulnerability {unknown}
 j - 3 scrolls of identify {unknown}
Potions
 h - a potion of flight {unknown}
 k - a potion of might {unknown}


   Skills:
 + Level 2.7 Dodging
 - Level 1.7 Stealth
 + Level 2.6 Spellcasting
 + Level 5.1 Ice Magic


You had 5 spell levels left.
You knew the following spells:

 Your Spells              Type           Power      Damage    Failure   Level
a - Freeze                Ice            68%        1d8       2%          1

Your spell library contained the following spells:

 Spells                   Type           Power      Damage    Failure   Level
 Frozen Ramparts          Ice            34%        1d5       8%          3
 Ozocubu's Armour         Ice            17%        N/A       8%          3
 Blink                    Tloc           2%         N/A       32%         2
 Hailstorm                Conj/Ice       9%         3d4       56%         4
 Manifold Assault         Tloc           1%         N/A       99%         5
 Storm Form               Tmut/Air       0%         N/A       100%        7


Dungeon Overview and Level Annotations

Branches:
Dungeon (2/15)

Altars:

Annotations:
D:2 Terence


Innate Abilities, Weirdness & Mutations

You are amphibious.
You cover ground slowly.
You can hop short distances.
You have an extended range of vision and can be seen from far away.


Message History

No target in view!
No target in view!
No target in view!
No target in view!
No target in view!
No target in view!
No target in view!
No target in view!
No target in view!
No target in view!
No target in view!
HP restored.
You open the door.
There is an open door here.
Found a stone staircase leading down.
You open the door.
An endoplasm and Terence come into view.
Terence is wielding a +2 trident of freezing.
Terence shouts!
There is an open door here.
The endoplasm quivers.
Terence drinks a potion.
Terence goes berserk!
You hit the endoplasm.
The endoplasm is moderately wounded.
Terence barely misses you. The endoplasm hits you. Terence closely misses you.
There is an open door here.
Terence hits you from afar with a +2 trident of freezing!
Terence freezes you. The endoplasm freezes you.
You are frozen.
* * * LOW HITPOINT WARNING * * *
Terence rages. x2
The endoplasm jiggles.
The endoplasm barely misses you.
Terence rages.
Terence rages.
The endoplasm freezes you.
You are frozen.
You die...

..# #.# #....# ..# #.#
#....# ..# #.# #....#
####.# #.# ######
...... #.# .....# #.#
.....# #.#
.....################.#
.....'........@J@.....#
.....############...###
.....# #...# ######
#.>.# #####


You could see Terence (berserk) and an endoplasm.

Vanquished Creatures
  3 endoplasms
  2 giant cockroaches (D:1)
  A goblin (D:1)
  3 hobgoblins (D:1)
  3 ball pythons (D:1)
  A bat (D:1)
  2 frilled lizards (D:1)
  3 kobolds (D:1)
  5 rats
23 creatures vanquished.

Notes
Turn   | Place    | Note
-------+----------+-------------------------------------------
     0 | D:1      | KoroneIsBestGirl the Barachi Ice Elementalist began the
                  | quest for the Orb.
     0 | D:1      | Reached XP level 1. HP: 13/13 MP: 3/3
   192 | D:1      | Reached skill level 5 in Ice Magic
   354 | D:1      | Reached XP level 2. HP: 11/19 MP: 1/5
  1697 | D:2      | Noticed Terence
  1712 | D:2      | Frozen to death by an endoplasm

Illustrated notes

Levels and vault maps discovered:
D:1:      tarquinn_simple_flora_water_b, layout_loops_ring, minmay_statues_item,
          chequers_mini_garden
D:2:      layout_basic, chequers_ecumenical_altar_island, uniq_jessica,
          uniq_terence

Skill      XL: |  1 |
---------------+----+-----
Ice Magic      | 5 |  5.1
Dodging        | |  2.7
Stealth        | |  1.7
Spellcasting   | |  2.6

Action                   || total
-------------------------++-------
Melee: Unarmed           ||     2
       Spear             ||    44
       Dagger            ||     2
 Cast: Freeze            ||    23
 Stab: Sleeping          ||     2
Armor: Robe              ||     9
Dodge: Dodged            ||    37

Table legend: (Time is in decaauts)
 A = Elapsed time spent in this place.
 B = Non-inter-level travel time spent in this place.
 C = Inter-level travel time spent in this place.
 D = Time resting spent in this place.
 E = Time spent auto-exploring this place.
 F = Levels seen in this place.
 G = Mean time per level.
                   A        B        C        D        E       F      G
               +--------+--------+--------+--------+--------+-----+--------+
         Total |   1879 |   1830 |     49 |      0 |   1630 |   2 |  939.5 |
       Dungeon |   1879 |   1830 |     49 |      0 |   1630 |   2 |  939.5 |
               +--------+--------+--------+--------+--------+-----+--------+

Top non-repeatable levels by time:
     D:1: 1635 daAuts
     D:2: 243 daAuts
